 Dungeon Crawl Stone Soup version 0.26.0-45-g9c1d065592 (webtiles) character file.

Game seed: 11994060168578597149

(classic levelgen) 1501 thiole the Stinger (level 8, -1/55 HPs)
             Began as an Octopode Venom Mage on Jan 29, 2021.
             Killed by divine providence
             ... invoked by an orc priest
              (12 damage)
             ... on level 7 of the Dungeon.
             The game lasted 00:21:33 (9001 turns).

thiole the Stinger (Octopode Venom Mage)            Turns: 9001, Time: 00:21:33

Health: -1/55      AC:  7    Str:  7    XL:     8   Next: 81%
Magic:  15/23      EV: 32    Int: 20    God:
Gold:   362        SH:  0    Dex: 12    Spells: 8/15 levels left

rFire    . . .     SeeInvis +   (no weapon)
rCold    . . .     Faith    .   (no shield)
rNeg     . . .     Spirit   .   t - +2 hat
rPois    .         Reflect  .   m - amulet of the acrobat
rElec    .         Harm     .   i - +4 ring of protection
rCorr    .         Rampage  .   g - ring of see invisible
Will     .....                  p - ring of magical power
Stlth    +++.......             q - +4 ring of evasion
HPRegen  0.18/turn              (no ring)
MPRegen  0.18/turn              (no ring)
                                (no ring)
                                (no ring)

@: acrobat
A: almost no armour, stealthy swim, amphibious, 8 rings, constrict 8, camouflage
1, gelatinous body 1
a: no special abilities


You were on level 7 of the Dungeon.
You visited 2 branches of the dungeon, and saw 8 of its levels.

You collected 362 gold pieces.

Inventory:

Hand Weapons
 s - a +0 dagger of venom
Missiles
 f - 181 stones
Armour
 t - a +2 hat (worn)
Jewellery
 g - a ring of see invisible (right tentacle)
 i - a +4 ring of protection (left tentacle)
 m - an amulet of the acrobat (around mantle)
 p - a ring of magical power (on tentacle)
 q - a +4 ring of evasion (on tentacle)
Scrolls
 a - 2 scrolls of remove curse {unknown}
 e - 2 scrolls of enchant weapon {unknown}
 j - 3 scrolls of fog {unknown}
 k - 5 scrolls of teleportation {unknown}
 l - a scroll of fear {unknown}
 n - 6 scrolls of enchant armour {unknown}
 r - a scroll of noise {unknown}
 u - a scroll of identify
Potions
 b - a potion of ambrosia
 c - 5 potions of curing
 d - 4 potions of haste
 h - a potion of brilliance
 o - 2 potions of attraction {unknown}


   Skills:
 - Level 5.0 Fighting
 - Level 2.0 Dodging
 - Level 2.6 Stealth
 - Level 4.0 Spellcasting
 + Level 3.0 Conjurations
 - Level 3.0 Transmutations
 - Level 4.0 Fire Magic
 - Level 4.0 Air Magic
 - Level 6.0 Poison Magic


You had 8 spell levels left.
You knew the following spells:

 Your Spells              Type           Power        Failure   Level
a - Sting                 Tmut/Pois      88%          1%          1
b - Mephitic Cloud        Conj/Pois/Air  21%          6%          3
c - Ignite Poison         Fire/Tmut/Pois 21%          7%          3

Your spell library contained the following spells:

 Spells                   Type           Power        Failure   Level
 Poisonous Vapours        Pois/Air       48%          2%          2
 Olgreb's Toxic Radiance  Pois           28%          11%         4
 Confusing Touch          Hex            4%           36%         3
 Gell's Gravitas          Tloc           2%           36%         3
 Petrify                  Tmut/Erth      10%          56%         4
 Yara's Violent Unravell  Hex/Tmut       5%           88%         5
 Metabolic Englaciation   Hex/Ice        2%           98%         5


Dungeon Overview and Level Annotations

Branches:
Dungeon (7/15)             Temple (1/1) D:5

Altars:
Ashenzari
Cheibriados
Dithmenos
Elyvilon
Fedhas
Hepliaklqana
Kikubaaqudgha
Makhleb
Nemelex Xobeh
Okawaru
Qazlal
Trog
Uskayaw
Vehumet
Wu Jian
Xom
Yredelemnul
The Shining One

Annotations:
D:2 exclusion: adder


Innate Abilities, Weirdness & Mutations

You cannot wear most types of armour.
You are very stealthy in the water. (Stealth+)
You are amphibious.
You can wear up to eight rings at the same time.
You can use your tentacles to constrict eight enemies at once.
Your skin changes colour to match your surroundings (Stealth+).
Your rubbery body absorbs attacks. (AC +1, EV +1)


Message History

An orc wizard comes into view. It is wielding a +0 dagger.
Casting: Sting (safe; 1% risk of failure)
Confirm with . or Enter, or press ? or * to list all spells.
Aiming: Sting (safe; 1% risk of failure)
Press: ? - help, Shift-Dir - straight line, f/p - orc wizard
Aim: an orc wizard, wielding a +0 dagger and wearing a +2 robe of cold resistance (lightly wounded, poisoned, 30% to evade)
The sting misses the orc wizard.
The orc wizard gestures wildly while chanting.
The orc wizard blinks!
The orc wizard points at you and mumbles some strange words.
The magic dart hits you!
The orc priest invokes the aid of Beogh against you.
Beogh smites you!
The orc priest shouts!
The orc priest invokes the aid of Beogh against you.
Beogh smites you!
* * * LOW HITPOINT WARNING * * *
The orc priest invokes the aid of Beogh against you.
Beogh smites you!
You die...

#####>###.##.##'##..
#..........#.....#..
#..........'.....#..
#..........#.....#..
#..........#.....#.. . #+##
##...###..#####'##..
..##...###...# ######...##..
.............#.....#........
....<..z..o@.'.....#........
>.....zz.....#.....#........
.............#.....#........
#.###oo####o## ######...##..
#). ...# ##...##.) ....
....' #........ .....
....#ยง #......). #.##..
..#### . ##.####.. #o #.# #
#..


You could see 3 wights, 2 orc priests and 2 orc wizards.

Vanquished Creatures
  A sky beast (D:6)
  2 black bears
  An orc warrior (D:7)
  An ogre (D:7)
  A bullfrog (D:6)
  A wyvern skeleton (D:6)
  A scorpion (D:7)
  A howler monkey (D:6)
  A centaur zombie (D:5)
  An orc priest (D:3)
  7 orc wizards
  Crazy Yiuf (D:6)
  A bullfrog skeleton (D:6)
  2 hounds
  A jelly (D:6)
  2 iguanas (D:6)
  6 worker ants
  4 gnolls (D:4)
  8 adders
  A howler monkey skeleton (D:6)
  2 white imps (D:6)
  2 ufetubi
  6 worms
  A dart slug (D:1)
  7 leopard geckos
  18 orcs
  2 ball pythons (D:1)
  5 bats
  4 giant cockroaches
  2 goblins (D:1)
  4 hobgoblins
  6 kobolds
  6 frilled lizards
  9 rats
118 creatures vanquished.

Vanquished Creatures (others)
  2 plants (D:6)
2 creatures vanquished.

Grand Total: 120 creatures vanquished

Notes
Turn   | Place    | Note
-------+----------+-------------------------------------------
     0 | D:1      | thiole the Octopode Venom Mage began the quest for the Orb.
     0 | D:1      | Reached XP level 1. HP: 11/11 MP: 3/3
   147 | D:1      | Reached skill level 4 in Poison Magic
   220 | D:1      | Reached XP level 2. HP: 18/18 MP: 0/5
   296 | D:1      | Reached skill level 1 in Fighting
   773 | D:1      | You fall into a shaft and drop 1 floor!
   933 | D:2      | Reached XP level 3. HP: 24/24 MP: 3/6
  1400 | D:2      | Found a broken altar of Ashenzari.
  1502 | D:2      | Found a hide-covered altar of Uskayaw.
  1642 | D:2      | Reached skill level 1 in Conjurations
  1642 | D:2      | Reached skill level 1 in Fire Magic
  2000 | D:2      | Reached XP level 4. HP: 28/29 MP: 3/7
  2534 | D:2      | Reached skill level 1 in Air Magic
  2798 | D:2      | Learned a level 3 spell: Mephitic Cloud
  2802 | D:2      | Learned a level 3 spell: Ignite Poison
  3137 | D:3      | Reached XP level 5. HP: 34/34 MP: 1/8
  3215 | D:3      | You fall into a shaft and drop 2 floors!
  3215 | D:5      | Entered Level 5 of the Dungeon
  3319 | D:5      | Found a staircase to the Ecumenical Temple.
  3328 | Temple   | Entered the Ecumenical Temple
  3689 | D:4      | Found a stormy altar of Qazlal.
  4090 | D:4      | Found an ornate altar of the Wu Jian Council.
  4170 | D:3      | You fall into a shaft and drop 3 floors!
  4461 | D:4      | Reached XP level 6. HP: 17/39 MP: 0/10
  6148 | D:5      | Reached skill level 5 in Poison Magic
  6325 | D:5      | Reached XP level 7. HP: 45/45 MP: 12/12
  6492 | D:5      | Noticed a moth of wrath
  6495 | D:5      | Found a bloodstained altar of Trog.
  6624 | D:6      | Reached skill level 6 in Poison Magic
  7001 | D:6      | Found an ancient bone altar of Kikubaaqudgha.
  7003 | D:6      | Found a blossoming altar of Fedhas.
  7043 | D:6      | Found a snail-covered altar of Cheibriados.
  7129 | D:6      | Found a runed translucent door.
  7130 | D:6      | Noticed Crazy Yiuf
  7563 | D:6      | Reached XP level 8. HP: 50/50 MP: 14/14
  7919 | D:6      | Found a hazy altar of Hepliaklqana.
  8055 | D:6      | Killed Crazy Yiuf
  8797 | D:7      | Reached skill level 5 in Fighting
  9001 | D:7      | Killed from afar by an orc priest

Illustrated notes

Levels and vault maps discovered:
D:1:      lemuel_arrival_funnel, layout_loops_ring, minmay_misc_feat_plants,
          serial_bayou_pond_a
D:2:      layout_loops_cross, nicolae_overflow_hidden_temple,
          chequers_serial_rivers_large_b, lemuel_statue_altar
D:3:      layout_rooms, hangedman_glass_teeth
D:4:      layout_gridville, pdpol_wu_jian_five_deadly_venoms,
          grunt_qazlal_clouds
D:5:      layout_cave_pools, tgw_trog, minmay_temple_entry_ruins
D:6:      layout_loops_cross, grunt_temple_overflow_growth_and_decay,
          kennysheep_mini_moat, nzn_hepliaklqana_mist_gate, serial_bayou_pond_e,
          uniq_crazy_yiuf_cottage
D:7:      layout_gridville, pdpol_temple_overflow_zin_treasury_gozag_greed
Temple:   minmay_temple_curvy_loop

Skill      XL: |  1  2  3  4  5  6  7  8 |
---------------+-------------------------+-----
Poison Magic   | 4 5 6 |  6.0
Fighting       | 2 5 |  5.0
Conjurations   | 1 2 3 |  3.0
Fire Magic     | 1 2 4 |  4.0
Air Magic      | 1 3 4 |  4.0
Spellcasting   | 3 4 |  4.0
Transmutations | 3 |  3.0
Dodging        | |  2.0
Stealth        | |  2.6

Action                   |  1- 3 |  4- 6 |  7- 9 || total
-------------------------+-------+-------+-------++-------
Melee: Unarmed           |    12 |    42 |    30 ||    84
       Constrict         |     5 |     9 |    11 ||    25
       Tentacles         |       |     9 |     6 ||    15
 Cast: Sting             |    66 |   126 |   113 ||   305
       Mephitic Cloud    |       |     1 |    13 ||    14
       Ignite Poison     |       |     1 |    11 ||    12
  Use: Scroll            |       |     5 |     2 ||     7
       Potion            |       |     1 |       ||     1
Armor: Skin              |     6 |    19 |    12 ||    37
Dodge: Dodged            |    29 |    97 |    82 ||   208
